 Dungeon Crawl Stone Soup version 0.30.1-9-gdf580d7c3d (webtiles) character file.

Game seed: 11496096345523481900

6353 Woods the Thaumaturge (level 10, -1/59 HPs)
             Began as a Deep Elf Conjurer on Oct 18, 2023.
             Was an Initiate of Vehumet.
             Slain by a wolf (9 damage)
             ... led by Grum
             ... on level 8 of the Dungeon on Oct 19, 2023.
             The game lasted 00:36:30 (11011 turns).

Woods the Thaumaturge (Deep Elf Conjurer)          Turns: 11011, Time: 00:36:31

Health: -1/59      AC:  7    Str:  4    XL:     10   Next: 65%
Magic:  16/37      EV: 14    Int: 28    God:    Vehumet [......]
Gold:   275        SH:  0    Dex: 13    Spells: 18/33 levels left

rFire   . . .        y - +2 short sword (freeze)
rCold   + + .        (no shield)
rNeg    . . .        A - +2 robe {rC+}
rPois   .            I - +0 helmet
rElec   .            k - +0 cloak
rCorr   .            j - +0 pair of gloves
SInv    .            (no boots)
Will    +....        H - amulet of regeneration
Stlth   +++          m - ring of magical power
HPRegen 1.09/turn    q - ring of protection from cold
MPRegen 0.25/turn

%: no passive effects
@: hasted, very quick
A: no striking features
a: Renounce Religion


You were on level 8 of the Dungeon.
You worshipped Vehumet.
Vehumet was noncommittal.
You visited 2 branches of the dungeon, and saw 9 of its levels.
You also visited: Sewer and Bailey.

You collected 460 gold pieces.
You spent 185 gold pieces at shops.

Inventory:

Hand Weapons
 y - a +2 short sword of freezing (weapon)
Armour
 a - a +0 robe
 j - a +0 pair of gloves (worn)
 k - a +0 cloak (worn)
 A - a +2 robe of cold resistance (worn)
 I - a +0 helmet (worn)
 R - +0 steam dragon scales
Jewellery
 m - a ring of magical power (left hand)
 q - a ring of protection from cold (right hand)
 H - an amulet of regeneration (around neck)
 N - an amulet of magic regeneration
 O - a ring of flight
Wands
 J - a wand of polymorph (7)
 Q - a wand of flame (6)
Scrolls
 c - 2 scrolls of vulnerability
 d - 5 scrolls of teleportation
 e - 2 scrolls of brand weapon
 h - a scroll of magic mapping {unknown}
 n - a scroll of fear
 p - 2 scrolls of enchant weapon {unknown}
 r - 2 scrolls of poison
 s - 2 scrolls of amnesia
 w - a scroll of silence {unknown}
 D - 2 scrolls of fog
 E - 3 scrolls of identify
 F - 3 scrolls of noise {unknown}
 G - a scroll of summoning {unknown}
 K - a scroll of blinking {unknown}
 L - 4 scrolls of enchant armour {unknown}
Potions
 b - 3 potions of magic
 f - 3 potions of haste
 g - 3 potions of invisibility
 i - a potion of ambrosia {unknown}
 l - 2 potions of might {unknown}
 o - a potion of flight {unknown}
 t - 2 potions of mutation {unknown}
 u - a potion of resistance {unknown}
 v - 4 potions of heal wounds
 x - 3 potions of cancellation
 z - 2 potions of lignification
 B - a potion of brilliance {unknown}
 M - a potion of curing
 P - a potion of degeneration {unknown}
Miscellaneous
 C - a piece from Xom's chessboard (15/15)


   Skills:
 - Level 5.0 Fighting
 + Level 6.9 Dodging
 - Level 7.0 Stealth
 - Level 12.0 Spellcasting
 - Level 10.0 Conjurations
 - Level 5.0 Air Magic


You had 18 spell levels left.
You knew the following spells:

 Your Spells              Type           Power      Damage    Failure   Level
a - Magic Dart            Conj           100%       1d8       1%          1
b - Searing Ray           Conj           100%       2d8       1%          2
c - Dazzling Flash        Conj/Hex       88%        N/A       1%          3
d - Fulminant Prism       Conj/Hex       22%        3d12      4%          4
e - Arcjolt               Conj/Air       28%        1d38      4%          5

Your spell library contained the following spells:

 Spells                   Type           Power      Damage    Failure   Level
 Poisonous Vapours        Pois/Air       60%        N/A       1%          2
 Mephitic Cloud           Conj/Pois/Air  44%        N/A       1%          3
 Cigotuvi's Dreadful Rot  Necr/Pois/Air  52%        N/A       2%          2
 Sting                    Tmut/Pois      64%        1d6       3%          1
 Summon Small Mammal      Summ           64%        N/A       3%          1
 Vhi's Electric Charge    Tloc/Air       60%        N/A       3%          3
 Flame Wave               Conj/Fire      44%        2d11      4%          4
 Iskenderun's Mystic Bla  Conj/Tloc      44%        2d10      4%          4
 Sticky Flame             Conj/Fire      44%        2d6       4%          4
 Call Canine Familiar     Summ           16%        N/A       10%         3
 Ignite Poison            Fire/Tmut/Pois 16%        N/A       10%         3
 Inner Flame              Hex/Fire       16%        N/A       10%         3
 Portal Projectile        Hex/Tloc       32%        N/A       10%         3
 Summon Guardian Golem    Hex/Summ       16%        N/A       10%         3
 Tukima's Dance           Hex            16%        N/A       10%         3
 Freezing Cloud           Conj/Ice/Air   22%        6-21      12%         5
 Olgreb's Toxic Radiance  Pois           16%        N/A       32%         4
 Blade Hands              Tmut           8%         N/A       65%         5
 Maxwell's Capacitive Co  Air            22%        ∞         100%        8


Dungeon Overview and Level Annotations

Branches:
Dungeon (8/15)             Temple (1/1) D:6           Sewer (visited)
 Bailey (visited)
   Lair: D:8-11

Altars:
Ashenzari
Cheibriados
Dithmenos
Elyvilon
Fedhas
Gozag
Hepliaklqana
Kikubaaqudgha
Makhleb
Nemelex Xobeh
Okawaru
Qazlal
Ru
Sif Muna
Trog
Uskayaw
Vehumet
Wu Jian
Xom
Yredelemnul
Zin
The Shining One

Shops:
D:6 ([**:

Annotations:
D:6 exclusion: door
D:8 exclusions: statue and 1 more exclusion, Maurice


Message History

The wolf attacks as you move away! The wolf barely misses you.
The wolf attacks as you move away! The wolf bites you. The wolf bites you!
* * * LOW HITPOINT WARNING * * *
Casting: Fulminant Prism (dangerous; 4% risk of failure)
Confirm with . or Enter, or press ? or * to list all spells.
You can't see any susceptible monsters within range! (Use Z to cast anyway.) Unknown command.
Press: ? - help, v - describe, . - travel The floor.
Casting: Fulminant Prism (dangerous; 4% risk of failure)
Confirm with . or Enter, or press ? or * to list all spells.
You can't see any susceptible monsters within range! (Use Z to cast anyway.) Unknown command.
Unknown command.
Press: ? - help, v - describe, . - travel
Here: a wolf (lightly wounded)
The floor.
As you read the scroll of fog, it crumbles to dust.
The scroll dissolves into smoke.
The wolf bites you but does no damage. x2
The wolf barely misses you. The wolf barely misses you.
Casting: Fulminant Prism (dangerous; 4% risk of failure)
Confirm with . or Enter, or press ? or * to list all spells.
Aiming: Searing Ray (safe; 1% risk of failure)
Press: ? - help, Shift-Dir - straight line, f - wolf
Aim: a wolf (grey smoke, lightly wounded, 72% to hit)
The searing ray misses the wolf. (Press . to maintain the ray.)
The wolf barely misses you. x2
The searing ray hits the wolf.
The wolf is lightly wounded.
The wolf closely misses you. The wolf bites you.
* * * LOW HITPOINT WARNING * * *
The searing ray hits the wolf.
The wolf is moderately wounded.
The wolf bites you but does no damage. The wolf closely misses you.
You feel yourself speed up. The wolf bites you!
* * * LOW HITPOINT WARNING * * *
The wolf bites you!
You die...

###############
#...§.........######
#§§{h@.............#
#§§#########.......###
#§§#.......#.......#..
#§§§..._.8.#.......#..
#§§#.......#..........
#§§#########..........
##§§).)).C......#####.
###.#............#.##
#..).........#.##..


You could see a wolf.

Vanquished Creatures
  A two-headed ogre (D:8)
  Pikel (D:6)
  A hornet (D:8)
  Grinder (D:4)
  Sigmund (D:4)
  Eustachio (D:5)
  2 humans (Bailey)
  4 yaks (D:8)
  Grum (D:8)
  A steam dragon (D:8)
  A vampire mosquito (D:8)
  Menkaure (D:6)
  2 water moccasins
  A sky beast (D:8)
  4 orc warriors
  3 ice beasts
  2 wolves (D:8)
  An ogre (D:6)
  2 phantoms (D:5)
  A centaur (D:8)
  4 lemures (D:6)
  6 kobold brigands
  4 bullfrogs
  Blork the orc (D:5)
  3 scorpions
  A howler monkey (D:8)
  4 jellies
  A gnoll bouda (D:7)
  3 orc priests
  4 hounds
  A sleepcap (D:7)
  Jessica (D:3)
  3 iguanas
  6 orc wizards
  3 gnolls (D:7)
  7 adders
  A shadow imp (D:8)
  A white imp (D:6)
  3 worms
  3 dart slugs
  25 orcs
  13 ball pythons
  9 endoplasms
  3 giant cockroaches
  16 goblins
  7 hobgoblins
  8 jackals
  27 kobolds
  3 quokkas
  7 bats
  4 frilled lizards
  11 rats
  A butterfly (D:4)
226 creatures vanquished.

Vanquished Creatures (others)
  21 fulminant prisms
21 creatures vanquished.

Grand Total: 247 creatures vanquished

Notes
Turn   | Place    | Note
-------+----------+-------------------------------------------
     0 | D:1      | Woods the Deep Elf Conjurer began the quest for the Orb.
     0 | D:1      | Reached XP level 1. HP: 10/10 MP: 6/6
   172 | D:1      | Reached XP level 2. HP: 15/15 MP: 0/8
   492 | D:1      | Found a faded altar of an unknown god.
  1176 | D:2      | Learned a level 2 spell: Searing Ray
  1258 | D:2      | Found a bloodstained altar of Trog.
  1284 | D:2      | Reached XP level 3. HP: 19/19 MP: 7/10
  2323 | D:3      | Noticed Jessica
  2475 | D:3      | Found a glowing drain.
  2489 | D:3      | Reached XP level 4. HP: 24/24 MP: 1/11
  2501 | Sewer    | Entered a sewer
  2583 | Sewer    | Reached skill level 4 in Spellcasting
  2896 | Sewer    | Noticed a kobold brigand
  2903 | Sewer    | Killed a kobold brigand
  2904 | Sewer    | Reached skill level 5 in Conjurations
  2904 | Sewer    | Reached XP level 5. HP: 4/28 MP: 4/13
  3094 | D:3      | Learned a level 3 spell: Dazzling Flash
  3152 | D:3      | Killed Jessica
  3854 | D:4      | Learned a level 4 spell: Fulminant Prism
  3867 | D:4      | Noticed Sigmund
  3883 | D:4      | Killed Sigmund
  3884 | D:4      | Reached skill level 5 in Stealth
  3884 | D:4      | Reached skill level 5 in Spellcasting
  3884 | D:4      | Reached XP level 6. HP: 13/32 MP: 14/16
  4045 | D:4      | Reached skill level 5 in Dodging
  4148 | D:4      | Found a shimmering altar of Xom.
  4219 | D:4      | Noticed Grinder
  4428 | D:4      | Found a snail-covered altar of Cheibriados.
  4441 | D:4      | Reached skill level 6 in Spellcasting
  4441 | D:4      | Reached XP level 7. HP: 31/36 MP: 15/18
  4933 | D:4      | Paralysed by Grinder for 5 turns
  4941 | D:4      | Paralysed by Grinder for 3 turns
  4946 | D:4      | Killed Grinder
  4947 | D:4      | Reached skill level 7 in Spellcasting
  5087 | D:5      | Entered Level 5 of the Dungeon
  5168 | D:5      | Noticed Blork the orc
  5176 | D:5      | Killed Blork the orc
  5369 | D:5      | Reached XP level 8. HP: 41/41 MP: 21/21
  5524 | D:5      | Reached skill level 8 in Spellcasting
  5579 | D:5      | Found an ancient bone altar of Kikubaaqudgha.
  5640 | D:5      | Noticed Eustachio
  5659 | D:5      | Killed Eustachio
  5861 | D:6      | Noticed Pikel
  5861 | D:6      | Found Qesih Ecun's General Store.
  6086 | D:6      | Identified the +1 robe of Lugonu's Hope {rN++ Regen+ Str+4
                  | Int-4}
  6330 | D:6      | Noticed a slime creature
  6330 | D:6      | Noticed a slime creature
  6407 | D:6      | Noticed Menkaure
  6413 | D:6      | Killed Menkaure
  6478 | D:6      | Reached skill level 5 in Fighting
  6484 | D:6      | Learned a level 5 spell: Arcjolt
  6513 | D:6      | Found Fathroiq's General Store.
  6522 | D:6      | Bought a potion of haste for 110 gold pieces
  6522 | D:6      | Bought a potion of lignification for 33 gold pieces
  6530 | D:6      | Found Menwisy's Book Boutique.
  6530 | D:6      | Found Xaino's Antique Armour Shop.
  6557 | D:6      | Bought a potion of curing for 42 gold pieces
  6573 | D:6      | Found a staircase to the Ecumenical Temple.
  6736 | D:6      | Reached XP level 9. HP: 54/54 MP: 22/23
  6809 | Temple   | Entered the Ecumenical Temple
  7060 | D:6      | Reached skill level 1 in Air Magic
  7181 | D:6      | Found Otilaoda's Weapon Emporium.
  7266 | D:6      | Killed Pikel
  7267 | D:6      | Reached skill level 9 in Spellcasting
  7833 | D:7      | Found a flagged portal.
  7856 | Bailey   | Entered a bailey
  8433 | D:7      | Reached skill level 10 in Spellcasting
  8490 | D:7      | Found a hazy altar of Hepliaklqana.
  9223 | D:8      | Reached XP level 10. HP: 59/59 MP: 24/26
  9290 | D:8      | Reached skill level 5 in Air Magic
  9667 | D:8      | Noticed a deep elf pyromancer
 10008 | D:8      | Reached skill level 11 in Spellcasting
 10008 | D:8      | Reached skill level 10 in Conjurations
 10537 | D:8      | Reached skill level 12 in Spellcasting
 10569 | D:8      | Noticed a two-headed ogre
 10630 | D:8      | Noticed Grum
 10647 | D:8      | Killed Grum
 10750 | D:8      | Found a radiant altar of Vehumet.
 10758 | D:8      | Became a worshipper of Vehumet
 10828 | D:8      | Noticed a two-headed ogre
 10874 | D:8      | Killed a two-headed ogre
 10940 | D:8      | Noticed a cyclops
 10983 | D:8      | Noticed Maurice
 11011 | D:8      | Slain by a wolf

Illustrated notes

Levels and vault maps discovered:
D:1:      psy_arrival_spokes, layout_loops_cross,
          shapermc_ecumenical_altar_flowoftime, st_stairs_2, minmay_hedge_maze,
          chequers_serial_rivers_room_b, minivault_11
D:2:      layout_basic, basic_altar
D:3:      layout_basic, cheibrodos_sewer_entry_bend, uniq_jessica
D:4:      layout_basic, cheibriados_altar_1, xom_butterflies, uniq_sigmund,
          uniq_grinder
D:5:      layout_cave_pools, kennysheep_little_box, uniq_blork_the_orc,
          uniq_eustachio
D:6:      cheibrodos_fertilizer, layout_basic, minmay_temple_entry_junction,
          serial_shops, shop, nicolae_stop_n_shop_2, shop, shop, shop,
          uniq_menkaure, uniq_pikel
D:7:      layout_loops_ring, mainiacjoe_overflow_chevrons, enter_bailey_5,
          kennysheep_crisscross
D:8:      wad_cavern_with_rooms, layout_basic, vehumet_statue,
          nrook_loot_triangle, hangedman_decor_peaks_small,
          minmay_shattered_shrine, uniq_gastronok, uniq_maurice, uniq_grum
Temple:   minmay_temple_bridge_d

Skill      XL: |  1  2  3  4  5  6  7  8  9 10 |
---------------+-------------------------------+-----
Stealth        | 3 4 5 7 |  7.0
Dodging        | 3 4 5 6 |  6.9
Spellcasting   | 4 5 6 7 8 10 12 | 12.0
Conjurations   | 5 6 7 8 9 10 | 10.0
Fighting       | 5 |  5.0
Air Magic      | 4 5 |  5.0

Action                     |  1- 3 |  4- 6 |  7- 9 | 10-12 || total
---------------------------+-------+-------+-------+-------++-------
  Melee: Short sword       |       |     3 |     6 |       ||     9
   Cast: Magic Dart        |    72 |    54 |   146 |    43 ||   315
         Searing Ray       |     3 |    13 |    53 |    27 ||    96
         Fulminant Prism   |       |     3 |     7 |    11 ||    21
         Dazzling Flash    |       |       |     3 |     1 ||     4
         Arcjolt           |       |       |     2 |     3 ||     5
    Use: Potion            |       |     1 |       |     1 ||     2
         Scroll            |       |     6 |     4 |     2 ||    12
 Armour: Robe              |     4 |     5 |    26 |    26 ||    61
  Dodge: Dodged            |    15 |    14 |    82 |    66 ||   177
